 Dungeon Crawl Stone Soup version 0.13-a0-2940-gab44624 (webtiles) character file.

111 PolkaDot the Sneak (level 3, -3/22 HPs)
             Began as a Vampire Wizard on Sept 4, 2013.
             Slain by a gnoll
             ... wielding a +0,+0 spear
              (6 damage)
             ... on Level 2 of the Dungeon.
             The game lasted 00:03:50 (1217 turns).

PolkaDot the Sneak (Vampire Wizard)                 Turns: 1217, Time: 00:03:50

HP  -3/22        AC  2     Str  6      XL: 3   Next: 62%
MP   4/10        EV 12     Int 21      God:
Gold 58          SH  0     Dex 10 (12) Spells:  1 memorised,  7 levels left

Res.Fire  : . . .   See Invis. : +   g - +0 short sword
Res.Cold  : . . .   Warding    : .   a - +0 robe
Life Prot.: + . .   Conserve   : .   (no shield)
Res.Poison: .       Res.Corr.  : .   b - +0 wizard hat
Res.Elec. : .       Clarity    : .   (no cloak)
Sust.Abil.: . .     Spirit.Shd : .   (no gloves)
Res.Mut.  : .       Stasis     : .   (no boots)
Res.Rott. : .       Flight     : .   (no amulet)
Saprovore : . . .                    (no ring)
                                     (no ring)

@: invisible, very slightly contaminated, slightly resistant to hostile
enchantments, fairly stealthy
A: fangs 3, see invisible, unbreathing
a: Bat Form


You were on level 2 of the Dungeon.
You were not thirsty.

You visited 1 branch of the dungeon, and saw 2 of its levels.

You collected 38 gold pieces.

Inventory:

Hand weapons
 g - a +0,+0 short sword (weapon)
Armour
 a - a +0 robe (worn)
 b - a +0 wizard hat (worn)
Scrolls
 f - a scroll of curse jewellery {unknown}
 h - 6 scrolls of remove curse {unknown}
 k - a scroll of fear {unknown}
 l - a scroll of curse armour {unknown}
Potions
 d - a potion of blood
Books
 c - a book of Minor Magic

   Spells                             Type                      Level
   *Magic Dart                        Conjuration                  1
   Blink                              Translocation                2
   Call Imp                           Summoning                    2
   Repel Missiles                     Charms/Air                   2
   Slow                               Hexes                        2
   Conjure Flame                      Conjuration/Fire             3
   Mephitic Cloud                     Conjuration/Poison/Air       3


   Skills:
 - Level 2.1 Dodging
 - Level 3.0 Stealth
 - Level 3.0 Spellcasting
 * Level 2.6 Conjurations
   Level 1.0 Summonings
   Level 0.7 Translocations


You had 7 spell levels left.
You knew the following spells:

 Your Spells              Type           Power        Failure   Level  Hunger
a - Magic Dart            Conj           ##..         6%          1    None


Dungeon Overview and Level Annotations

Branches:
Dungeon (2/27)

Altars:

Annotations:
D:2 Jessica, Terence


Innate Abilities, Weirdness & Mutations

You have razor-sharp teeth.*
You have supernaturally acute eyesight.
You can survive without breathing.*


Message History

You barely miss the adder. The adder bites you.
You miss the adder. The adder barely misses you.
The gnoll picks up a club.
The adder barely misses you.
You closely miss the adder. The adder bites you.
You catch the helpless gnoll completely off-guard!
You hit the gnoll.
The gnoll is lightly wounded.
The adder closely misses you. The gnoll barely misses you.
You closely miss the gnoll. Your bite misses the gnoll.
The gnoll is lightly wounded.
The adder bites you. The gnoll hits you with a spear!
The adder bites you but does no damage.
You hit the gnoll.
The gnoll is moderately wounded.
The adder bites you but does no damage. The gnoll hits you with a spear.
* * * LOW HITPOINT WARNING * * *
Things that are here:
a halberd; a gnoll corpse The gnoll hits you from afar with a spear.
You die...

#....#? .# #
#....#.###.# .#
#....#.....##.##
#....#..#...g..#.
#....#....%>.....
#....##..........#
#####...g.#......
#...)S.......#
#..@.........
##.......#!##
#....^..# #
#.......# #.).....#
#.####### #.......#
#........
#.......########..#
##...#.............
#...#######.####.#


You could see 2 gnolls and an adder.

Vanquished Creatures
  A gnoll (D:2)
  A giant mite (D:1)
  A giant gecko (D:1)
  A ball python (D:1)
  3 bats (D:1)
  2 giant cockroaches
  3 goblins
  3 hobgoblins (D:1)
  3 giant newts (D:1)
  6 kobolds
  4 rats (D:1)
28 creatures vanquished.

Vanquished Creatures (others)
  A gnoll (D:2)
1 creature vanquished.

Grand Total: 29 creatures vanquished

Notes
Turn   | Place    | Note
--------------------------------------------------------------
     0 | D:1      | PolkaDot, the Vampire Wizard, began the quest for the Orb.
     0 | D:1      | Reached XP level 1. HP: 11/11 MP: 6/6
    61 | D:1      | Reached skill level 1 in Conjurations
   204 | D:1      | Reached XP level 2. HP: 17/17 MP: 5/8
   740 | D:1      | Reached XP level 3. HP: 22/22 MP: 5/10
  1054 | D:2      | Noticed Terence
  1195 | D:2      | Noticed Jessica
  1217 | D:2      | Slain by a gnoll

Action                   || total
-------------------------++-------
Melee: Short sword       ||    15
 Cast: Magic Dart        ||    66
  Use: Potion            ||     3
 Stab: Invisible         ||     3
       Sleeping          ||     1
